 Dungeon Crawl Stone Soup version 0.16-a0-464-g9f12922 (webtiles) character file.

60217 Nighty the Marksdemigod (level 14, 0/121 HPs)
             Began as a Demigod Wanderer on Sept 15, 2014.
             Slain by a raven (1 damage)
             ... led by a tengu warrior
             ... on Level 14 of the Dungeon on Sept 16, 2014.
             The game lasted 05:02:30 (26349 turns).

Nighty the Marksdemigod (Demigod Wanderer)         Turns: 26349, Time: 05:02:30

HP   0/121       AC 17     Str 16      XL: 14   Next: 20%
MP  20/23        EV 10     Int 18      God:
Gold 1048        SH  0     Dex 22      Spells:  2 memorised, 10 levels left

rFire  . . .     SeeInvis .     d - +5 longbow (flame)
rCold  . . .     Clarity  .     O - +3 ring mail of the Land of Plenty {+Blink +Inv +Fly}
rNeg   + . .     rCorr    .     (no shield)
rPois  +         rRot     .     s - +1 helmet of the Prince of Darkness {rPois rN+ Str-1 Stlth+}
rElec  .         Spirit   .     a - +0 cloak
SustAb .         Warding  .     J - +0 pair of gloves
rMut   .         Stasis   .     A - +1 pair of boots
Gourm  +                        K - amulet of the gourmand
MR     ++...                    x - +5 ring of slaying
                                m - ring of protection from magic

@: about to teleport, very resistant to hostile enchantments, unstealthy
A: low mp 1, regeneration 1, spit poison 2, placid magic 1
a: Spit Poison, Evoke Blink, Evoke Invisibility, Evoke Flight


You were on level 14 of the Dungeon.
You were full.

You visited 2 branches of the dungeon, and saw 20 of its levels.
You also visited: Ice Cave.

You collected 1223 gold pieces.
You spent 175 gold pieces at shops.

Inventory:

Hand weapons
 d - a +5 longbow of flaming (weapon)
 o - a +0 blowgun
 y - the +6 halberd of Bodily Humours {vamp, rC++ MR+}
   (You found it on level 4 of the Lair of Beasts)

   It inflicts no extra harm, but heals its wielder somewhat when it strikes a
   living foe.
   It greatly protects you from cold.
   It affects your resistance to hostile enchantments.
Missiles
 c - 159 arrows (quivered)
 F - 7 curare-tipped needles
Armour
 a - a +0 cloak (worn)
 s - the +1 helmet of the Prince of Darkness (worn) {rPois rN+ Str-1 Stlth+}
   (You found it in an ice cave)

   It affects your strength (-1).
   It protects you from poison.
   It protects you from negative energy.
   It makes you more stealthy.
 u - the +2 ring mail of the Hare {rElec Str+2}
   (You found it on level 11 of the Dungeon)

   It affects your strength (+2).
   It insulates you from electricity.
 A - a +1 pair of boots (worn)
 J - a +0 pair of gloves (worn)
 O - the +3 ring mail of the Land of Plenty (worn) {+Blink +Inv +Fly}
   (You found it on level 6 of the Dungeon)

   It lets you turn invisible.
   It lets you fly.
   It lets you blink.
 P - a +1 hat of see invisible
Magical devices
 k - a wand of fireball (5)
 D - a wand of paralysis (17)
 G - a wand of frost (7)
 H - a wand of polymorph (7)
Comestibles
 f - 14 bread rations
 j - 9 meat rations
 p - 28 fruits
 q - 2 royal jellies
 N - 5 slices of pizza
 T - 15 beef jerkies
Scrolls
 h - 2 scrolls of fog
 i - a scroll of fear
 l - 4 scrolls of identify
 n - a scroll of enchant weapon
 r - a scroll of magic mapping
 t - 14 scrolls of remove curse
 C - 6 scrolls of amnesia
 S - a scroll of brand weapon
 W - 2 scrolls of immolation
 Y - 3 scrolls of vulnerability
Jewellery
 e - the ring of Isa Plich {rPois rN+ Int+1}
   (You bought it in a shop on level 11 of the Dungeon)

   [ring of poison resistance]

   It affects your intelligence (+1).
   It protects you from poison.
   It protects you from negative energy.
 m - a ring of protection from magic (left hand)
 x - a +5 ring of slaying (right hand)
 I - an uncursed ring of poison resistance
 K - an amulet of the gourmand (around neck)
 V - an uncursed ring of protection from fire
Potions
 v - 2 potions of restore abilities
 w - 4 potions of curing
 z - a potion of resistance
 B - 2 potions of magic
 E - a potion of porridge
 L - 2 potions of lignification
 M - a potion of haste
 X - 2 potions of brilliance
 Z - 3 potions of might
Books
 b - a book of Annihilations {highlevel, unknown}

   This book is beyond your current level of understanding.

   Spells                             Type                      Level
   Poison Arrow                       Conjuration/Poison           6
   Chain Lightning                    Conjuration/Air              8
   Lehudib's Crystal Spear            Conjuration/Earth            8
   Glaciate                           Conjuration/Ice              9
   Fire Storm                         Conjuration/Fire             9
 R - a book of Flames

   Spells                             Type                      Level
   Flame Tongue                       Conjuration/Fire             1
   *Throw Flame                       Conjuration/Fire             2
   *Conjure Flame                     Conjuration/Fire             3
   Inner Flame                        Hexes/Fire                   3
   Sticky Flame                       Conjuration/Fire             4
   Fireball                           Conjuration/Fire             5
Miscellaneous
 g - a stone of tremors
 Q - a lantern of shadows


   Skills:
 - Level 10.0 Fighting
   Level 1.0 Maces & Flails
 - Level 11.0 Polearms
 - Level 15.5 Bows
 - Level 1.0 Throwing
 - Level 8.1 Armour
 - Level 0.2 Stealth
 - Level 1.4 Spellcasting
 + Level 4.8 Fire Magic
 - Level 5.2 Evocations


You had 10 spell levels left.
You knew the following spells:

 Your Spells              Type           Power        Failure   Level  Hunger
a - Throw Flame           Conj/Fire      #.....       7%          2    ###....
b - Conjure Flame         Conj/Fire      #.......     13%         3    ####...


Dungeon Overview and Level Annotations

Branches:
Dungeon (14/15)            Temple (0/1) D:5             Orc (0/4) D:11
   Lair (6/8) D:10          Swamp (0/5) Lair:4        Snake (0/5) Lair:5
  Slime: Lair:6-8    Vaults: D:13-14

Shops:
D:6 :   D:7 =   D:11 :*   D:14 [

Annotations:
D:6 password's ghost, experienced FoFi
D:14 Josephine
Lair:6 Banei's ghost, powerful DrCj


Innate Abilities, Weirdness & Mutations

Your magical capacity is low (-10% MP).
Your natural rate of healing is unusually fast.
You can spit moderately strong poison.
Your spells are a little easier to cast, but a little less powerful.


Message History

As you read the scroll of teleportation, it crumbles to dust.
You feel strangely unstable. The raven pecks you!
* * * LOW HITPOINT WARNING * * *
The raven claws you but does no damage. The raven closely misses you.
The raven claws you.
* * * LOW HITPOINT WARNING * * *
The raven completely misses you. The raven closely misses you.
Drink which item? (? for menu, Esc to quit)
You feel better. The raven pecks you but does no damage.
The raven completely misses you. The raven pecks you but does no damage.
The raven claws you.
* * * LOW HITPOINT WARNING * * *
The raven pecks you!
* * * LOW HITPOINT WARNING * * *
The raven claws you.
* * * LOW HITPOINT WARNING * * *
The raven pecks you.
* * * LOW HITPOINT WARNING * * *
The raven claws you.
You die...

#............#
###............##
#.(.............#
#.#.............# D
#..#.......(.....#
...
#.##..(..........#..
b. #....<.........
..# #..(.........#
.# #...(......b@# .
#.....(....b.#
#......(...Q.#
########((.### ##
#.### .# #.......#
.# #.###.#.# .# ..
.. ## .# #########.
######.


You could see a tengu warrior and 2 ravens.

Vanquished Creatures
  Gastronok (D:11)
  The ghost of gw the Basher, a powerful DDDK of Yredelemnul (Lair:4)
  8 vault guards (D:13)
  3 hydras
  Erica (D:13)
  A centaur warrior (D:13)
  A tengu warrior (D:13)
  Nergalle (D:11)
  3 unseen horrors
  2 ice statues (IceCv)
  A necromancer (IceCv)
  Pikel (D:6)
  5 hill giants
  5 cyclopes
  2 orc knights
  5 ugly things (D:14)
  A lindwurm (Lair:5)
  2 statues (D:13)
  A griffon (Lair:2)
  6 elephants (Lair:5)
  Maurice (D:10)
  A manticore (D:11)
  Joseph (D:10)
  3 gargoyles
  A torpor snail (Lair:5)
  A feature mimic (D:13)
  5 komodo dragons
  6 spiny frogs
  Grinder (D:6)
  3 fire drakes
  2 blue devils (IceCv)
  Sonja (D:11)
  2 polar bears (Lair:5)
  3 two-headed ogres
  3 slime creatures (D:14)
  A polar bear (shapeshifter) (D:13)
  Prince Ribbit (D:8)
  2 trolls
  A trapdoor spider zombie (D:10)
  3 ravens
  10 blink frogs (Lair:2)
  A shadow (D:14)
  2 wraiths
  2 wyverns
  A basilisk (D:13)
  2 trapdoor spiders
  A hill giant zombie (D:13)
  20 yaks
  A deep elf fighter (D:10)
  Grum (D:13)
  2 steam dragons
  6 hippogriffs
  3 hungry ghosts
  2 soldier ants
  6 wolves
  2 mottled dragons
  A tengu zombie (D:14)
  9 porcupines
  12 water moccasins
  2 black bears
  3 phantoms
  11 orc warriors
  3 sky beasts
  3 necrophages
  4 yellow wasps
  2 boring beetles
  13 centaurs
  15 ice beasts
  A slave (D:5)
  A yaktaur zombie (D:13)
  7 crocodiles
  26 giant frogs
  8 ogres
  Blork the orc (D:8)
  2 scorpions
  A troll zombie (D:9)
  An eye of draining (D:13)
  5 killer bees (D:13)
  7 crimson imps
  2 centaur zombies
  An elf zombie (D:7)
  4 giant frog skeletons
  9 jellies
  2 quasits
  4 goliath beetles
  2 gnoll shamans
  5 orc priests
  A soldier ant zombie (D:9)
  10 hounds
  15 iguanas
  15 worker ants
  13 orc wizards
  Natasha (thrice) (D:6)
  An elf skeleton (D:8)
  5 orange rats (Lair:3)
  5 spectral orcs (D:11)
  2 troll simulacra (IceCv)
  15 sheep
  2 centaur simulacra (IceCv)
  A mottled dragon skeleton (D:11)
  An ogre zombie (D:5)
  A mummy (D:10)
  A scorpion zombie (D:8)
  17 adders
  9 gnolls
  40 green rats
  4 naga simulacra (IceCv)
  2 ogre simulacra (IceCv)
  A white imp (D:6)
  2 shadow imps
  5 giant mites (D:6)
  6 worms
  An adder skeleton (D:6)
  2 giant geckos
  An ooze (D:1)
  69 orcs
  5 ball pythons
  9 giant cockroaches
  17 hobgoblins
  17 jackals
  12 kobolds
  12 quokkas
  24 bats
  4 giant newts
  15 goblins
  A hobgoblin skeleton (D:5)
  A kobold zombie (D:5)
  30 rats
  A rat skeleton (D:7)
  2 bushes (D:13)
  2 fungi
  5 plants
729 creatures vanquished.

Vanquished Creatures (collateral kills)
  A hydra (Lair:5)
1 creature vanquished.

Vanquished Creatures (others)
  A scorpion (D:6)
  A worker ant (D:6)
  An adder (D:6)
  An orc skeleton (D:6)
  A giant newt (D:6)
  A quokka zombie (D:6)
  A rat (D:6)
  A bush (Lair:6)
  A fungus (Lair:6)
  2 plants
11 creatures vanquished.

Grand Total: 741 creatures vanquished

Notes
Turn   | Place    | Note
--------------------------------------------------------------
     0 | D:1      | Nighty, the Demigod Wanderer, began the quest for the Orb.
     0 | D:1      | Reached XP level 1. HP: 22/22 MP: 2/2
   347 | D:1      | Reached XP level 2. HP: 24/28 MP: 3/3
   828 | D:2      | Reached XP level 3. HP: 34/34 MP: 5/5
  1219 | D:2      | Reached XP level 4. HP: 41/41 MP: 7/7
  1750 | D:3      | Found a burning altar of Makhleb.
  2198 | D:3      | Reached XP level 5. HP: 47/47 MP: 8/8
  2495 | D:4      | Reached skill level 5 in Bows
  3003 | D:4      | Noticed an ogre
  3006 | D:4      | Killed an ogre
  3006 | D:4      | Reached skill level 6 in Bows
  3006 | D:4      | Reached XP level 6. HP: 53/53 MP: 11/11
  3217 | D:5      | Entered Level 5 of the Dungeon
  3700 | D:5      | Found a staircase to the Ecumenical Temple.
  3745 | D:5      | Reached skill level 7 in Bows
  3892 | D:5      | Reached XP level 7. HP: 60/60 MP: 13/13
  4325 | D:6      | Found Koskog's Book Emporium.
  4407 | D:6      | Noticed Grinder
  4424 | D:6      | Killed Grinder
  4424 | D:6      | Reached skill level 8 in Bows
  4549 | D:6      | Noticed password's ghost (experienced FoFi)
  4553 | D:6      | Noticed Natasha
  4604 | D:6      | Noticed Pikel
  4711 | D:6      | Killed Pikel
  4711 | D:6      | Reached skill level 9 in Bows
  4711 | D:6      | Reached XP level 8. HP: 67/67 MP: 14/14
  4745 | D:6      | Got a twisted ring mail
  4873 | D:6      | Found a white marble altar of Elyvilon.
  4874 | D:6      | Found a glowing golden altar of the Shining One.
  4875 | D:6      | Found a glowing silver altar of Zin.
  5061 | D:6      | Killed Natasha
  5061 | D:6      | Reached skill level 10 in Bows
  5216 | D:6      | Noticed Natasha
  5241 | D:6      | Killed Natasha
  5307 | D:6      | Noticed Natasha
  5307 | D:6      | Killed Natasha
  5565 | D:6      | Identified the +3 ring mail of the Land of Plenty {+Blink +Inv +Fly} (You found it on level 6 of the Dungeon)
  5763 | D:6      | You fall through a shaft!
  5886 | D:7      | Found a blossoming altar of Fedhas.
  5934 | D:7      | Found a stormy altar of Qazlal.
  5935 | D:7      | Found a burning altar of Makhleb.
  5946 | D:7      | Reached skill level 11 in Bows
  6024 | D:7      | Found a deep blue altar of Sif Muna.
  6024 | D:7      | Found a shadowy altar of Dithmenos.
  6025 | D:7      | Found a sparkling altar of Nemelex Xobeh.
  6026 | D:7      | Found a shattered altar of Ashenzari.
  6156 | D:7      | Reached XP level 9. HP: 72/72 MP: 16/16
  6394 | D:7      | Found Maulaowe's Jewellery Shop.
  6636 | D:7      | Found an iron altar of Okawaru.
  6948 | D:8      | Reached skill level 12 in Bows
  6956 | D:8      | Noticed Prince Ribbit
  6966 | D:8      | Gained mutation: Your magical capacity is low (-10% MP). [potion of mutation]
  6966 | D:8      | Gained mutation: You can spit poison. [potion of mutation]
  6966 | D:8      | Gained mutation: Your spells are a little easier to cast, but a little less powerful. [potion of mutation]
  6982 | D:8      | Killed Prince Ribbit
  7304 | D:8      | Noticed Blork the orc
  7313 | D:8      | Killed Blork the orc
  7985 | D:9      | Reached skill level 13 in Bows
  8284 | D:9      | Reached XP level 10. HP: 80/80 MP: 16/16
  9044 | D:10     | Entered Level 10 of the Dungeon
  9051 | D:10     | Gained mutation: Your natural rate of healing is unusually fast. [potion of mutation]
  9051 | D:10     | Gained mutation: You can spit moderately strong poison. [potion of mutation]
  9069 | D:10     | Got a pitted quarterstaff
  9291 | D:10     | Noticed a hill giant
  9321 | D:10     | Killed a hill giant
  9321 | D:10     | Reached skill level 14 in Bows
  9416 | D:10     | You fall through a shaft for 3 floors!
  9446 | D:13     | Noticed an orc knight
  9481 | D:13     | Found a gate to the Vaults.
  9481 | D:13     | Noticed a vault guard
  9481 | D:13     | Noticed a vault guard
  9481 | D:13     | Noticed a vault guard
  9481 | D:13     | Noticed a vault guard
  9481 | D:13     | Noticed a cyclops
  9482 | D:13     | Noticed a vault guard
  9482 | D:13     | Noticed a vault guard
  9486 | D:13     | Noticed a vault guard
  9994 | D:10     | HP: 4/80 [gargoyle/stone arrow (6)]
 10197 | D:10     | Identified the +2 quarterstaff of Lainen {holy, +Blink rN+} (You found it on level 10 of the Dungeon)
 10332 | D:10     | Noticed a hill giant
 10366 | D:10     | Killed a hill giant
 10501 | D:10     | Reached skill level 15 in Bows
 10526 | D:10     | Found a staircase to the Lair.
 10865 | D:10     | Noticed Joseph
 10880 | D:10     | Killed Joseph
 10956 | D:10     | Reached XP level 11. HP: 82/85 MP: 16/16
 11049 | D:10     | Killed an unseen horror
 11119 | D:10     | Killed an unseen horror
 11136 | D:10     | Noticed Maurice
 11591 | Lair:1   | Entered Level 1 of the Lair of Beasts
 12659 | Lair:2   | Identified a scroll of acquirement
 12933 | Lair:2   | Found a bloodstained altar of Trog.
 13432 | Lair:2   | Reached skill level 5 in Armour
 14013 | Lair:3   | Found a frozen archway.
 14042 | IceCv    | Entered an ice cave
 14147 | IceCv    | Reached skill level 5 in Evocations
 14471 | IceCv    | Learned a level 2 spell: Throw Flame
 14728 | IceCv    | Reached skill level 1 in Spellcasting
 14728 | IceCv    | Reached skill level 1 in Fire Magic
 14742 | IceCv    | Got a transparent helmet
 14760 | IceCv    | Identified the +1 helmet of the Prince of Darkness {rPois rN+ Str-1 Stlth+} (You found it in an ice cave)
 15632 | Lair:3   | Noticed a catoblepas
 15685 | Lair:4   | Reached XP level 12. HP: 92/92 MP: 21/21
 15688 | Lair:4   | Noticed gw's ghost (powerful DDDK)
 15719 | Lair:4   | Killed gw's ghost
 15875 | Lair:4   | Got a polished halberd
 15876 | Lair:4   | Identified the +6 halberd of Bodily Humours {vamp, rC++ MR+} (You found it on level 4 of the Lair of Beasts)
 16091 | Lair:4   | Reached skill level 1 in Polearms
 16327 | Lair:4   | Found a staircase to the Swamp.
 16913 | Lair:5   | Reached skill level 5 in Polearms
 17166 | Lair:5   | Found a staircase to the Snake Pit.
 18103 | Lair:5   | Noticed a five-headed hydra
 18108 | Lair:5   | Killed a five-headed hydra
 18617 | Lair:6   | Noticed a four-headed hydra
 18627 | Lair:6   | Killed a four-headed hydra
 18701 | Lair:6   | Noticed Banei's ghost (powerful DrCj)
 18901 | Lair:6   | Noticed a four-headed hydra
 18934 | Lair:6   | Killed a four-headed hydra
 20022 | D:10     | Killed Maurice
 20419 | D:11     | Noticed an orc knight
 20426 | D:11     | Reached XP level 13. HP: 41/99 MP: 22/22
 20794 | D:10     | Learned a level 3 spell: Conjure Flame
 20938 | D:11     | Found Qelewni's Assorted Antiques.
 20946 | D:11     | Bought a pitted granite ring for 175 gold pieces
 20947 | D:11     | Identified the ring of Isa Plich {rPois rN+ Int+1} (You bought it in a shop on level 11 of the Dungeon)
 21010 | D:11     | Got a smoking ring mail
 21022 | D:11     | Identified the +2 ring mail of the Hare {rElec Str+2} (You found it on level 11 of the Dungeon)
 21202 | D:11     | Reached skill level 10 in Polearms
 21467 | D:11     | Noticed Gastronok
 21563 | D:11     | Noticed a manticore
 21570 | D:11     | Killed a manticore
 21610 | D:11     | Noticed Nergalle
 21611 | D:11     | Noticed Sonja
 21637 | D:11     | Killed an orc knight
 21816 | D:11     | Killed Gastronok
 21957 | D:11     | Killed Nergalle
 22221 | D:11     | Got an ichor-stained short sword
 22248 | D:11     | Found a staircase to the Orcish Mines.
 22264 | D:11     | Killed Sonja
 22348 | D:11     | Found Pnudoxt's Book Boutique.
 22595 | D:12     | Noticed a cyclops
 22599 | D:12     | Killed a cyclops
 22599 | D:12     | Reached skill level 5 in Fighting
 23309 | D:13     | Noticed Erica
 23406 | D:13     | Killed an orc knight
 23516 | D:13     | Killed a vault guard
 23525 | D:13     | Killed a cyclops
 23553 | D:13     | Killed a vault guard
 23594 | D:13     | Killed a vault guard
 23606 | D:13     | Killed a vault guard
 23716 | D:13     | Killed a vault guard
 23726 | D:13     | Noticed an archer statue
 23769 | D:13     | Killed a vault guard
 23780 | D:13     | the gate to the Vaults was a mimic.
 23861 | D:13     | Noticed Grum
 23870 | D:13     | Killed Grum
 24150 | D:13     | Noticed a cyclops
 24166 | D:13     | Killed a cyclops
 24263 | D:13     | Noticed a centaur warrior
 24269 | D:13     | Killed a centaur warrior
 24475 | D:13     | Killed an archer statue
 24624 | D:13     | Noticed an archer statue
 24737 | D:13     | Killed an archer statue
 24871 | D:13     | Noticed a vault guard
 24879 | D:13     | Killed a vault guard
 24918 | D:13     | Killed a vault guard
 25127 | D:13     | Noticed a tengu warrior
 25141 | D:13     | Killed a tengu warrior
 25203 | D:13     | Killed Erica
 25203 | D:13     | Reached XP level 14. HP: 89/119 MP: 20/23
 25433 | D:14     | Found a sparkling altar of Nemelex Xobeh.
 25503 | D:14     | Found Vax Zya's Armour Shoppe.
 25532 | D:14     | Reached skill level 10 in Fighting
 25705 | D:14     | Noticed Josephine
 26348 | D:14     | HP: 4/121 [raven[a tengu warrior] (6)]
 26349 | D:14     | HP: 1/121 [raven[a tengu warrior] (2)]
 26349 | D:14     | Slain by a raven

Action                   |  1- 3 |  4- 6 |  7- 9 | 10-12 | 13-15 || total
-------------------------+-------+-------+-------+-------+-------++-------
Melee: Flail             |       |       |    42 |    75 |       ||   117
       Shortbow          |       |       |     1 |     2 |       ||     3
       Quarterstaff      |       |       |       |     3 |       ||     3
       Mace              |       |       |       |    53 |       ||    53
       Trident           |       |       |       |    15 |       ||    15
       Halberd           |       |       |       |   260 |   226 ||   486
       Staff             |       |       |       |     9 |       ||     9
       Longbow           |       |       |       |       |     1 ||     1
 Fire: Shortbow          |    86 |   222 |   425 |   448 |       ||  1181
       Longbow           |       |       |       |   388 |   429 ||   817
Throw: Throwing net      |       |       |     9 |       |       ||     9
       Javelin           |       |       |       |    39 |     4 ||    43
       Tomahawk          |       |       |       |     4 |     2 ||     6
 Abil: Evoke Blink       |       |       |     2 |    27 |    29 ||    58
       Spit Poison       |       |       |       |    61 |    14 ||    75
       Evoke Invisibilit |       |       |       |       |     2 ||     2
Evoke: Wand              |       |     4 |    11 |   105 |     5 ||   125
  Use: Scroll            |       |     8 |     7 |    33 |     7 ||    55
       Potion            |       |       |     9 |     4 |     3 ||    16
 Stab: Sleeping          |       |       |       |     1 |     1 ||     2
  Eat: Chunk             |     1 |     8 |    30 |    64 |    27 ||   130
